 Dungeon Crawl Stone Soup version 0.28-a0-1493-g08698888e4 (webtiles) character file.

Game seed: 12642261330250673871

252 ders the Magician (level 6, -3/40 HPs)
             Began as a Djinni Fire Elementalist on Jan 12, 2022.
             Slain by an iron imp (9 damage)
             ... on level 3 of the Dungeon.
             The game lasted 00:03:13 (4493 turns).

ders the Magician (Djinni Fire Elementalist)        Turns: 4493, Time: 00:03:14

Health: -3/40      AC:  6    Str:  7    XL:     6   Next: 36%
Gold:   127        EV: 12    Int: 19    God:
                   SH:  0    Dex: 13

rFire   + + .      SeeInvis .   (no weapon)
rCold   x . .      Faith    .   (no shield)
rNeg    . . .      Spirit   .   a - +0 robe
rPois   ∞          Reflect  .   (no helmet)
rElec   .          Harm     .   (no cloak)
rCorr   .          Rampage  .   (no gloves)
Will    .....                   (boots unavailable)
Stlth   ++........              (no amulet)
HPRegen 0.13/turn               o - +4 ring of protection
MPRegen 0.00/turn               (no ring)

@: flying
A: sickness immunity, fire resistance 2, cold vulnerability 1, float, innate
caster, hp casting, extra vitality 1
a: no special abilities


You were on level 3 of the Dungeon.
You visited 1 branch of the dungeon, and saw 3 of its levels.

You collected 127 gold pieces.

Inventory:

Armour
 a - a +0 robe (worn)
Jewellery
 o - a +4 ring of protection (left hand)
Scrolls
 b - a scroll of torment {unknown}
 d - 3 scrolls of teleportation {unknown}
 e - 2 scrolls of identify {unknown}
 f - 2 scrolls of noise {unknown}
 g - 2 scrolls of fear {unknown}
 h - a scroll of enchant weapon {unknown}
 j - a scroll of fog {unknown}
 k - 2 scrolls of magic mapping {unknown}
 l - a scroll of amnesia {unknown}
Potions
 c - 2 potions of curing {unknown}
 i - 3 potions of attraction {unknown}
 m - a potion of heal wounds {unknown}
 n - 3 potions of brilliance {unknown}
 p - a potion of flight {unknown}
 q - 2 potions of might {unknown}


   Skills:
 - Level 2.1 Dodging
 + Level 2.8 Stealth
 + Level 4.7 Spellcasting


You couldn't memorise any spells.
You knew the following spells:

 Your Spells              Type           Power      Damage    Failure   Level
a - Foxfire               Conj/Fire      88%        2x1d8     1%          1
b - Scorch                Fire           44%        2d7       2%          2
c - Conjure Flame         Conj/Fire      22%        6-21      5%          3
d - Inner Flame           Hex/Fire       22%        N/A       5%          3
e - Flame Wave            Conj/Fire      22%        2d6       19%         4
f - Freeze                Ice            88%        1d10      1%          1
g - Blink                 Tloc           44%        N/A       2%          2
Your spell library was empty.

Dungeon Overview and Level Annotations

Branches:
Dungeon (3/15)

Altars:
Makhleb
Nemelex Xobeh
Vehumet


Innate Abilities, Weirdness & Mutations

You are immune to sickness and miasma.
You are immune to poison.
Your flesh is very heat resistant. (rF++)
You are vulnerable to cold. (rC-)
You float through the air rather than walking.
You learn spells naturally, not from books.
Your magical power is your life essence.
You have superior vitality. (+4 MHP)


Message History

Press: ? - help, Shift-Dir - straight line, f/p - iron imp
Aim: an iron imp (moderately wounded)
You freeze the iron imp.
The iron imp resists.
The iron imp is moderately wounded.
Casting: Freeze (safe; 1% risk of failure)
Confirm with . or Enter, or press ? or * to list all spells.
Aiming: Freeze (safe; 1% risk of failure)
Press: ? - help, Shift-Dir - straight line, f/p - iron imp
Aim: an iron imp (moderately wounded)
You freeze the iron imp.
The iron imp resists.
The iron imp is heavily wounded.
The iron imp hits you! The iron imp barely misses you.
The iron imp closely misses you.
Casting: Freeze (safe; 1% risk of failure)
Confirm with . or Enter, or press ? or * to list all spells.
Aiming: Freeze (safe; 1% risk of failure)
Press: ? - help, Shift-Dir - straight line, f/p - iron imp
Aim: an iron imp (heavily wounded)
You freeze the iron imp.
The iron imp resists.
The iron imp is heavily wounded.
The iron imp barely misses you. x2; The iron imp hits you.
The iron imp misses you.
Casting: Freeze (safe; 1% risk of failure)
Confirm with . or Enter, or press ? or * to list all spells.
Flames lash the iron imp.
The iron imp completely resists.
The iron imp hits you.
Unknown command.
Casting: Scorch (safe; 2% risk of failure)
Confirm with . or Enter, or press ? or * to list all spells.
You conjure some foxfire!
* * * LOW HITPOINT WARNING * * *
The iron imp completely misses you. The iron imp hits you.
* * * LOW HITPOINT WARNING * * *
The iron imp hits you but does no damage.
The foxfire hits the iron imp.
The iron imp completely resists.
The iron imp is heavily wounded.
The foxfire hits the iron imp.
The iron imp completely resists.
The iron imp is heavily wounded.
The iron imp hits you!
You die...

# #.....≈≈:.....# #.# #
#.....≈≈......# #.# #
####.._.§)8≈....## #.#
#####..#.....≈≈.....# #.#
.......#.....§§.....########.#
.......#....§§.........)..##.#
.......#.≈§≈§.........(...##.#
#####..#.≈≈≈§..55.........##.#
# ####.......5@...########.#
##################### #.#
##............>#.## #.#
##.#############..# #.#
##.#<........# ##.### #.#
##.#.......#.####...## #.#
##.#[....#.#.#.......# #.#
##.......#.#...###...# #.####
......#....#..##.##..## #.....


You could see 3 iron imps.

Vanquished Creatures
  A phantom (D:3)
  A scorpion (D:3)
  Robin (D:2)
  4 adders
  A worm (D:2)
  A dart slug (D:1)
  An orc (D:3)
  8 endoplasms
  13 goblins
  9 hobgoblins
  3 jackals (D:2)
  5 kobolds
  7 ball pythons
  6 bats
  5 frilled lizards
  4 rats
70 creatures vanquished.

Vanquished Creatures (others)
  215 foxfires
215 creatures vanquished.

Grand Total: 285 creatures vanquished

Notes
Turn   | Place    | Note
-------+----------+-------------------------------------------
     0 | D:1      | ders the Djinni Fire Elementalist began the quest for the
                  | Orb.
     0 | D:1      | Reached XP level 1. HP: 15/15 MP: 0/0
   403 | D:1      | Reached XP level 2. HP: 17/21 MP: 0/0
   935 | D:1      | Found a faded altar of an unknown god.
   978 | D:1      | Reached skill level 3 in Spellcasting
  1281 | D:1      | Reached XP level 3. HP: 21/25 MP: 0/0
  1281 | D:1      | Learned a level 1 spell: Freeze
  1809 | D:2      | Noticed Robin
  2150 | D:2      | Killed Robin
  2151 | D:2      | Reached XP level 4. HP: 13/31 MP: 0/0
  2859 | D:2      | Reached skill level 4 in Spellcasting
  3513 | D:3      | Reached XP level 5. HP: 34/35 MP: 0/0
  3513 | D:3      | Learned a level 2 spell: Blink
  3713 | D:3      | Noticed a phantom
  3718 | D:3      | Killed a phantom
  3856 | D:3      | Reached XP level 6. HP: 39/40 MP: 0/0
  4099 | D:3      | Found a sparkling altar of Nemelex Xobeh.
  4464 | D:3      | Found a burning altar of Makhleb.
  4493 | D:3      | Slain by an iron imp

Illustrated notes

Levels and vault maps discovered:
D:1:      dpeg_arrival_round_c, layout_loops_corners,
          hellmonk_ecumenical_altar_blasted
D:2:      layout_basic, uniq_robin
D:3:      layout_basic, nemelex_dance_club_becter, demons_altar,
          nicolae_vehumet_altar_sigil

Skill      XL: |  1  2  3  4  5 |
---------------+----------------+-----
Spellcasting   | 3 4 |  4.7
Stealth        | 2 |  2.8
Dodging        | |  2.1

Action                   |  1- 3 |  4- 6 || total
-------------------------+-------+-------++-------
Melee: Unarmed           |     4 |       ||     4
 Cast: Foxfire           |    52 |    89 ||   141
       Freeze            |    12 |     6 ||    18
       Scorch            |     2 |     4 ||     6
       Inner Flame       |       |     1 ||     1
Armor: Robe              |     7 |     5 ||    12
Dodge: Dodged            |    28 |    15 ||    43

Table legend: (Time is in decaauts)
 A = Elapsed time spent in this place.
 B = Non-inter-level travel time spent in this place.
 C = Inter-level travel time spent in this place.
 D = Time resting spent in this place.
 E = Time spent auto-exploring this place.
 F = Levels seen in this place.
 G = Mean time per level.
                   A        B        C        D        E       F      G
               +--------+--------+--------+--------+--------+-----+--------+
         Total |   4493 |   4455 |     38 |    499 |   3446 |   3 | 1497.7 |
       Dungeon |   4493 |   4455 |     38 |    499 |   3446 |   3 | 1497.7 |
               +--------+--------+--------+--------+--------+-----+--------+

Top non-repeatable levels by time:
     D:1: 1876 daAuts
     D:2: 1570 daAuts
     D:3: 1046 daAuts
